 Dungeon Crawl Stone Soup version 0.27.1-16-g815e20cd7a (webtiles) character file.

Game seed: 7446672281112632685

58 spaced the Magician (level 4, 0/30 HPs)
             Began as a Human Wanderer on Nov 22, 2021.
             Slain by a shadow imp (4 damage)
             ... summoned by Natasha
             ... on level 3 of the Dungeon.
             The game lasted 00:18:08 (2413 turns).

spaced the Magician (Human Wanderer)                Turns: 2413, Time: 00:18:09

Health: 0/30       AC:  2    Str: 12    XL:     4   Next: 20%
Magic:  4/9        EV: 12    Int: 14    God:
Gold:   109        SH:  0    Dex: 12    Spells: 2/10 levels left

rFire    x . .     SeeInvis .   a - +2 falchion
rCold    + . .     Faith    .   (no shield)
rNeg     . . .     Spirit   .   b - +0 robe
rPois    .         Reflect  .   (no helmet)
rElec    .         Harm     .   (no cloak)
rCorr    .         Rampage  .   (no gloves)
Will     .....                  (no boots)
Stlth    +.........             (no amulet)
HPRegen  0.10/turn              g - ring of ice
MPRegen  0.11/turn              (no ring)

@: no status effects
A: no striking features
a: no special abilities


You were on level 3 of the Dungeon.
You visited 1 branch of the dungeon, and saw 3 of its levels.

You collected 109 gold pieces.

Inventory:

Hand Weapons
 a - a +2 falchion (weapon)
Armour
 b - a +0 robe (worn)
 c - a +0 leather armour
Jewellery
 g - a ring of ice (left hand)
Scrolls
 i - a scroll of amnesia {unknown}
Potions
 e - 2 potions of flight {unknown}
 f - a potion of ambrosia {unknown}
 h - a potion of cancellation {unknown}


   Skills:
 + Level 0.2 Fighting
 + Level 1.2 Long Blades
 + Level 2.1 Dodging
 + Level 0.3 Stealth
 + Level 1.0 Shields
 + Level 3.8 Spellcasting
 * Level 0.5 Summonings
 * Level 1.0 Transmutations
 + Level 2.0 Fire Magic
 * Level 0.9 Poison Magic
 + Level 1.0 Evocations


You had 2 spell levels left.
You knew the following spells:

 Your Spells              Type           Power      Damage    Failure   Level
a - Sting                 Tmut/Pois      20%        1d4       13%         1
b - Summon Small Mammal   Summ           16%        N/A       16%         1
c - Ignite Poison         Fire/Tmut/Pois 6%         N/A       34%         3
d - Call Canine Familiar  Summ           4%         N/A       43%         3

Your spell library contained the following spells:

 Spells                   Type           Power      Damage    Failure   Level


Dungeon Overview and Level Annotations

Branches:
Dungeon (3/15)

Altars:
Makhleb

Annotations:
D:3 Natasha


Message History

Casting: Sting (safe; 13% risk of failure)
Confirm with . or Enter, or press ? or * to list all spells.
Aiming: Sting (safe; 13% risk of failure)
Press: ? - help, Shift-Dir - straight line, f/p - Natasha
Aim: Natasha (ally target, 60% to hit)
The sting misses Natasha.
The sting hits the shadow imp but does no damage.
The shadow imp is poisoned.
An orc comes into view. It is wielding a +0 short sword.
Natasha claws you but does no damage.
Casting: Sting (safe; 13% risk of failure)
Confirm with . or Enter, or press ? or * to list all spells.
Aiming: Sting (safe; 13% risk of failure)
Press: ? - help, Shift-Dir - straight line, f/p - Natasha
Aim: Natasha (ally target, 60% to hit)
The sting hits Natasha.
Natasha is poisoned.
Natasha is lightly wounded.
Natasha claws you.
Casting: Sting (safe; 13% risk of failure)
Confirm with . or Enter, or press ? or * to list all spells.
Aiming: Sting (safe; 13% risk of failure)
Press: ? - help, Shift-Dir - straight line, f/p - Natasha
Aim: Natasha (moderately wounded, poisoned, ally target, 60% to hit)
The sting hits Natasha.
Natasha looks even sicker.
Natasha is moderately wounded.
Natasha claws you.
Casting: Sting (safe; 13% risk of failure)
Confirm with . or Enter, or press ? or * to list all spells.
Aiming: Sting (safe; 13% risk of failure)
Press: ? - help, Shift-Dir - straight line, f/p - Natasha
Aim: Natasha (heavily wounded, very poisoned, ally target, 60% to hit)
The sting hits Natasha but does no damage.
Natasha looks even sicker.
Natasha is heavily wounded.
Natasha claws you!
* * * LOW HITPOINT WARNING * * *
Natasha closely misses your rat.
Your rat barely misses Natasha.
The shadow imp looks more healthy.
Natasha barely misses your rat. The shadow imp hits you.
You die...

#########..
...##.....##
........... ##
.......... ...
##...#[....#####..#
####..####.#...h...#
#....###...#.##r...#
#............5..o.##
#.<..####....@....#
#....# ####.######
#....# #.......###
#....# #.........#
###### #(......###
#.......# #########


You could see Natasha (very poisoned, ally target), a shadow imp (summoned), an
orc and a friendly rat (summoned).

Vanquished Creatures
  An adder (D:2)
  An orc (D:2)
  5 ball pythons
  6 endoplasms
  3 giant cockroaches (D:2)
  A goblin (D:2)
  4 hobgoblins
  3 quokkas
  5 bats
  3 frilled lizards
  A kobold (D:2)
  4 rats
  A spectral goblin (D:1)
38 creatures vanquished.

Vanquished Creatures (collateral kills)
  A dart slug (D:1)
  A frilled lizard (D:1)
  2 rats (D:1)
4 creatures vanquished.

Grand Total: 42 creatures vanquished

Notes
Turn   | Place    | Note
-------+----------+-------------------------------------------
     0 | D:1      | spaced the Human Wanderer began the quest for the Orb.
     0 | D:1      | spaced set off with the following items: a +2 falchion, a
                  | +0 robe; and the following spells available to memorise:
                  | Sting, Summon Small Mammal, Ignite Poison, Call Canine
                  | Familiar
     0 | D:1      | Reached XP level 1. HP: 13/13 MP: 4/4
     2 | D:1      | Learned a level 1 spell: Sting
     4 | D:1      | Learned a level 1 spell: Summon Small Mammal
   352 | D:1      | Reached XP level 2. HP: 19/19 MP: 4/6
   588 | D:1      | Found a faded altar of an unknown god.
   907 | D:1      | Reached XP level 3. HP: 23/24 MP: 6/8
  1389 | D:2      | Learned a level 3 spell: Ignite Poison
  1393 | D:2      | Learned a level 3 spell: Call Canine Familiar
  1596 | D:2      | Reached XP level 4. HP: 26/30 MP: 1/9
  1821 | D:2      | Found a burning altar of Makhleb.
  2327 | D:3      | Reached skill level 1 in Transmutations
  2388 | D:3      | Noticed Natasha
  2413 | D:3      | Slain by a shadow imp

Illustrated notes

Levels and vault maps discovered:
D:1:      dpeg_arrival_fog, layout_basic,
          dreamdust_ecumenical_altar_drowned_temple
D:2:      cheibrodos_helix_gallery, layout_basic, basic_altar,
          grunt_decor_arrowhead
D:3:      layout_rooms, mainiacjoe_overflow_24_doors, serial_shops,
          nicolae_shop_stone, chequers_serial_rivers_large_b, uniq_terence,
          uniq_natasha

Skill      XL: |  1  2  3  4 |
---------------+-------------+-----
Transmutations | 1 |  1.0
Fighting       | |  0.2
Long Blades    | |  1.2
Dodging        | |  2.1
Stealth        | |  0.3
Shields        | |  1.0
Spellcasting   | |  3.8
Summonings     | |  0.5
Fire Magic     | |  2.0
Poison Magic   | |  0.9
Evocations     | |  1.0

Action                   |  1- 3 |  4- 6 || total
-------------------------+-------+-------++-------
Melee: Falchion          |    37 |     1 ||    38
 Cast: Sting             |    41 |    20 ||    61
       Summon Small Mamm |    12 |     1 ||    13
  Use: Scroll            |       |     1 ||     1
Armor: Robe              |    10 |     2 ||    12
Dodge: Dodged            |    33 |     4 ||    37
       Rpst.: Falchion   |    12 |     1 ||    13
